 Dungeon Crawl Stone Soup version 0.23.2-30-g0e89c35649 (webtiles) character file.

Game seed: 18380563874415070013

231 Kobolds4U the Sneak (level 5, 0/29 (31) HPs)
             Began as a Deep Elf Conjurer on June 16, 2019.
             Was an Initiate of Dithmenos.
             Slain by a worker ant (2 damage)
             ... on level 4 of the Dungeon.
             The game lasted 00:10:29 (3428 turns).

Kobolds4U the Sneak (Deep Elf Conjurer)             Turns: 3428, Time: 00:10:30

HP:   0/29 (31)     AC:  5    Str:  6    XL:     5   Next: 72%
MP:   4/11          EV: 12    Int: 20    God:    Dithmenos [......]
Gold: 87            SH:  0    Dex: 15    Spells: 4/10 levels left

rFire    . . .     SeeInvis .   l - +0 dagger
rCold    . . .     Gourm    .   (no shield)
rNeg     . . .     Faith    .   v - +0 leather armour
rPois    .         Spirit   .   (no helmet)
rElec    .         Reflect  .   u - +0 cloak
rCorr    .         Harm     .   o - +0 pair of gloves
MR       .....                  (no boots)
Stlth    +++.......             (no amulet)
HPRegen  0.09/turn              (no ring)
MPRegen  0.12/turn              (no ring)

@: no status effects
A: no striking features
a: Renounce Religion


You were on level 4 of the Dungeon.
You worshipped Dithmenos.
Dithmenos was noncommittal.
You were not hungry.

You visited 1 branch of the dungeon, and saw 4 of its levels.

You collected 87 gold pieces.

Inventory:

Hand Weapons
 g - a +0 short sword
 h - a +0 short sword of venom
 l - a +0 dagger (weapon)
Armour
 a - a +0 robe
 o - a +0 pair of gloves (worn)
 u - a +0 cloak (worn)
 v - a +0 leather armour (worn)
Scrolls
 d - 6 scrolls of remove curse {unknown}
 f - 3 scrolls of teleportation {unknown}
 j - a scroll of fear {unknown}
 k - a scroll of noise {unknown}
 r - 2 scrolls of identify {unknown}
 s - a scroll of fog {unknown}
 t - 2 scrolls of amnesia {unknown}
 w - a scroll of blinking {unknown}
Potions
 b - a potion of invisibility {unknown}
 e - a potion of degeneration {unknown}
 i - a potion of ambrosia {unknown}
 m - a potion of magic {unknown}
 n - a potion of might {unknown}
 q - a potion of lignification {unknown}
 x - a potion of flight {unknown}
Comestibles
 c - 2 rations


   Skills:
 - Level 2.3 Fighting
 + Level 2.3 Short Blades
 - Level 3.1 Dodging
 - Level 5.3 Stealth
 - Level 3.0 Spellcasting
 - Level 4.3 Conjurations


You had 4 spell levels left.
You knew the following spells:

 Your Spells              Type           Power        Failure   Level  Hunger
a - Magic Dart            Conj           ###.         3%          1    None
b - Searing Ray           Conj           ###...       5%          2    ##.....
c - Dazzling Spray        Conj/Hex       ##....       26%         3    ###....

Your spell library contained the following spells:

 Spells                   Type           Power        Failure   Level  Hunger
 Confusing Touch          Hex            #.....       22%         1    None
 Iskenderun's Mystic Bla  Conj           ###.....     36%         4    ####...
 Confuse                  Hex            #.......     54%         3    ###....
 Gell's Gravitas          Tloc           #.........   54%         3    ###....
 Force Lance              Conj/Tloc      ##......     65%         4    ####...
 Fulminant Prism          Conj/Hex       ##........   65%         4    ####...
 Petrify                  Tmut/Erth      #.......     91%         4    ####...
 Metabolic Englaciation   Hex/Ice        #.........   99%         5    ######.
 Yara's Violent Unravell  Hex/Tmut       #.........   99%         5    ######.


Dungeon Overview and Level Annotations

Branches:
Dungeon (4/15)
 Temple: D:4-7

Altars:
Dithmenos
Elyvilon
Nemelex Xobeh

Shops:
D:4 =!

Annotations:
D:3 3 runed translucent doors, straszyg's ghost, amateur MiFi
D:4 Edmund


Message History

* * * LOW HITPOINT WARNING * * *
You feel sick. The worker ant closely misses you.
* * * LOW HITPOINT WARNING * * *
You feel sick.
* * * LOW HITPOINT WARNING * * *
You feel sick.
The worker ant bites you but does no damage.
Your magical contamination has completely faded away.
There is a stone staircase leading up here.
* * * LOW HITPOINT WARNING * * *
You feel sick. The worker ant closely misses you.
* * * LOW HITPOINT WARNING * * *
You feel sick. The worker ant closely misses you.
You feel sick.
You are no longer poisoned.
Unknown command.
The worker ant bites you.
You die...

## .. .# .# .#
.# ##.##
#######<..###
#...a@.........
#.#####......#.
#.# ##.......
#.# ....... #.#
....... #.#
#...... #.#
....∩. #.# #.#
#.#


You could see a worker ant.

Vanquished Creatures
  A necrophage (D:2)
  A bullfrog skeleton (D:4)
  A howler monkey skeleton (D:4)
  4 adders
  2 worms
  4 dart slugs
  3 leopard geckos
  5 orcs (D:3)
  A bat (D:2)
  4 giant cockroaches
  6 goblins
  A hobgoblin (D:1)
  A quokka (D:2)
  A ball python (D:2)
  2 frilled lizards
  11 kobolds
  A leopard gecko skeleton (D:4)
  10 rats
59 creatures vanquished.

Notes
Turn   | Place    | Note
-------+----------+-------------------------------------------
     0 | D:1      | Kobolds4U the Deep Elf Conjurer began the quest for the
                  | Orb.
     0 | D:1      | Reached XP level 1. HP: 10/10 MP: 6/6
   312 | D:1      | Reached XP level 2. HP: 6/16 MP: 0/8
   622 | D:1      | Reached skill level 1 in Fighting
   947 | D:1      | Learned a level 2 spell: Searing Ray
  1064 | D:2      | Reached skill level 3 in Stealth
  1064 | D:2      | Reached XP level 3. HP: 11/20 MP: 0/9
  1658 | D:2      | Found a faded altar of an unknown god.
  1754 | D:2      | Reached skill level 4 in Stealth
  1754 | D:2      | Reached XP level 4. HP: 13/26 MP: 1/10
  2027 | D:2      | Noticed a necrophage
  2063 | D:2      | Killed a necrophage
  2063 | D:2      | Reached skill level 5 in Stealth
  2063 | D:2      | Reached XP level 5. HP: 16/29 MP: 2/11
  2240 | D:2      | Learned a level 3 spell: Dazzling Spray
  2375 | D:3      | Reached skill level 1 in Short Blades
  2581 | D:3      | Found a white marble altar of Elyvilon.
  2672 | D:3      | Found a runed translucent gate.
  2672 | D:3      | Found a runed translucent gate.
  2673 | D:3      | Found a runed translucent gate.
  2673 | D:3      | Noticed straszyg's ghost (amateur MiFi)
  2907 | D:3      | Found a shadowy altar of Dithmenos.
  2908 | D:3      | Found a sparkling altar of Nemelex Xobeh.
  2917 | D:3      | Became a worshipper of Dithmenos the Shadowed
  3112 | D:4      | Found Vos Xi Amem's Distillery.
  3112 | D:4      | Noticed Edmund
  3165 | D:4      | Found Hyededgheff's Jewellery Emporium.
  3428 | D:4      | Slain by a worker ant

Skill      XL: |  1  2  3  4  5 |
---------------+----------------+-----
Dodging        | 3 |  3.1
Fighting       | 1 2 |  2.3
Stealth        | 3 4 5 |  5.3
Short Blades   | 2 |  2.3
Spellcasting   | |  3.0
Conjurations   | |  4.3

Action                   |  1- 3 |  4- 6 || total
-------------------------+-------+-------++-------
Melee: Dagger            |    21 |    53 ||    74
       Short sword       |     1 |       ||     1
 Cast: Magic Dart        |    60 |    24 ||    84
       Searing Ray       |     4 |     7 ||    11
       Dazzling Spray    |       |     3 ||     3
 Stab: Sleeping          |     1 |     6 ||     7
       Distracted        |       |     1 ||     1
       Invisible         |       |     1 ||     1
  Eat: Chunk             |     2 |     6 ||     8
Armor: Robe              |     1 |     6 ||     7
       Leather armour    |       |     8 ||     8
Dodge: Dodged            |    20 |    34 ||    54
